 Dungeon Crawl Stone Soup version 0.29-a0-495-g17b79114eb (webtiles) character file.

Game seed: 7181882620177467332

60 omnomnOMINOUS the Grave Robber (level 4, -7/28 HPs)
             Began as an Octopode Wanderer on May 28, 2022.
             Was a Follower of Okawaru.
             Mangled by Sigmund
             ... wielding a +2 scythe of protection
              (14 damage)
             ... on level 2 of the Dungeon.
             The game lasted 00:06:30 (1641 turns).

omnomnOMINOUS the Grave Robber (Octopode Wanderer)  Turns: 1641, Time: 00:06:30

Health: -7/28      AC:  1    Str:  9    XL:     4   Next: 4%
Magic:  2/8        EV: 14    Int: 19    God:    Okawaru [*.....]
Gold:   66         SH:  0    Dex: 10    Spells: 7/9 levels left

rFire   . . .      SeeInvis .   a - +0 dagger
rCold   . . .      Faith    .   (no shield)
rNeg    . . .      Spirit   .   c - +0 hat
rPois   .          Reflect  .   (no amulet)
rElec   .          Harm     .   (no ring)
rCorr   .          Rampage  .   (no ring)
Will    .....                   (no ring)
Stlth   ++++......              (no ring)
HPRegen 0.09/turn               (no ring)
MPRegen 0.11/turn               (no ring)
                                (no ring)
                                (no ring)

@: heroic
A: almost no armour, amphibious, 8 rings, camouflage 1, gelatinous body 1,
(nimble swimmer 1), tentacles
a: Renounce Religion, Heroism


You were on level 2 of the Dungeon.
You worshipped Okawaru.
Okawaru was aware of your devotion.
You visited 1 branch of the dungeon, and saw 2 of its levels.

You collected 66 gold pieces.

Inventory:

Hand Weapons
 a - a +0 dagger (weapon)
Armour
 c - a +0 hat (worn)
Jewellery
 h - an amulet of faith
Scrolls
 d - 2 scrolls of enchant armour {unknown}
 f - a scroll of identify {unknown}
 i - a scroll of teleportation {unknown}
Potions
 e - a potion of resistance {unknown}
 g - 2 potions of heal wounds {unknown}
 j - a potion of flight {unknown}


   Skills:
 + Level 1.3(6.3) Fighting
 + Level 1.3(6.3) Dodging
 - Level 1.3(6.3) Stealth
 - Level 3.0 Spellcasting
 + Level 1.4 Conjurations
 - Level 4.0 Necromancy
 + Level 2.6 Fire Magic
 + Level 1.1 Invocations


You had 7 spell levels left.
You knew the following spells:

 Your Spells              Type           Power      Damage    Failure   Level
a - Foxfire               Conj/Fire      40%        2x1d6     7%          1
b - Apportation           Tloc           4%         N/A       16%         1

Your spell library contained the following spells:

 Spells                   Type           Power      Damage    Failure   Level
 Necrotize                Necr           72%        1d7       3%          1
 Sublimation of Blood     Necr           18%        N/A       4%          2
 Inner Flame              Hex/Fire       7%         N/A       26%         3
 Corpse Rot               Necr/Pois/Air  7%         N/A       65%         4
 Alistair's Intoxication  Tmut/Pois      1%         N/A       99%         5


Dungeon Overview and Level Annotations

Branches:
Dungeon (2/15)

Altars:
Okawaru

Annotations:
D:2 Sigmund


Innate Abilities, Weirdness & Mutations

You cannot wear most types of armour.
You are amphibious.
You can wear up to eight rings at the same time.
Your skin changes colour to match your surroundings (Stealth+).
Your rubbery body absorbs attacks. (AC +1, EV +1)
((You are camouflaged when in or above water. (Stealth+)))
You have tentacles for arms and can constrict up to eight enemies at once.


Message History

The foxfire hits Sigmund.
Sigmund is lightly wounded.
The foxfire hits Sigmund but does no damage.
Sigmund is lightly wounded.
Casting: Foxfire (safe; 7% risk of failure)
Confirm with . or Enter, or press ? or * to list all spells.
You conjure some foxfire!
Sigmund casts a spell.
Sigmund flickers and vanishes!
Deactivating autopickup; reactivate with Ctrl-A.
The foxfire hits something but does no damage. x2
Casting: Foxfire (safe; 7% risk of failure)
Confirm with . or Enter, or press ? or * to list all spells.
You conjure some foxfire!
The foxfire hits something.
The foxfire hits something but does no damage.
A magic dart appears from out of thin air!
The magic dart hits you!
Unknown command.
Casting: Foxfire (safe; 7% risk of failure)
Confirm with . or Enter, or press ? or * to list all spells.
You conjure some foxfire!
The foxfire hits something.
The foxfire hits something but does no damage.
Casting: Foxfire (safe; 7% risk of failure)
Confirm with . or Enter, or press ? or * to list all spells.
You conjure some foxfire!
Something hits you!
You feel better.
The foxfire hits something but does no damage. x2
You hear some strange, mumbled words.
A puff of flame appears from out of thin air!
The puff of flame hits you!
You miss something. Your squeeze misses something. Something hits you.
* * * LOW HITPOINT WARNING * * *
You gain the combat prowess of a mighty hero.
Something barely misses you.
You miss something. Your squeeze misses something. You barely miss something.
Your squeeze misses something. Something hits you!
Ouch! That really hurt!
You die...

#.........#
#######.####
........#
#########
#### ...
#######.###
#.@{......#
#.........#
#.....†...#
#....<..).#
#######......
.##.# #


There were no monsters in sight!

Vanquished Creatures
  Robin (D:2)
  2 adders (D:2)
  3 bats
  2 endoplasms
  A giant cockroach (D:1)
  8 goblins (D:2)
  5 hobgoblins
  2 kobolds (D:2)
  A quokka (D:1)
  2 ball pythons (D:1)
  A rat (D:1)
28 creatures vanquished.

Vanquished Creatures (others)
  32 foxfires
32 creatures vanquished.

Grand Total: 60 creatures vanquished

Notes
Turn   | Place    | Note
-------+----------+-------------------------------------------
     0 | D:1      | omnomnOMINOUS the Octopode Wanderer began the quest for the
                  | Orb.
     0 | D:1      | omnomnOMINOUS set off with the following items: a +0
                  | dagger, a potion of curing, a +0 hat; and the following
                  | spells available to memorise: Necrotize, Sublimation of
                  | Blood, Foxfire, Inner Flame, Corpse Rot
     0 | D:1      | Reached XP level 1. HP: 11/11 MP: 4/4
    43 | D:1      | Learned a level 1 spell: Foxfire
   297 | D:1      | Found a faded altar of an unknown god.
   316 | D:1      | Prayed at the altar of an unknown god.
   316 | D:1      | Became a worshipper of Warmaster Okawaru
   316 | D:1      | Reached * piety under Okawaru
   322 | D:1      | Reached XP level 2. HP: 15/18 MP: 6/6
   637 | D:2      | Noticed Sigmund
   940 | D:2      | Reached skill level 1 in Fighting
   940 | D:2      | Reached skill level 1 in Dodging
   940 | D:2      | Reached skill level 1 in Conjurations
   940 | D:2      | Reached XP level 3. HP: 23/23 MP: 7/7
  1027 | D:2      | Noticed Robin
  1045 | D:2      | Killed Robin
  1046 | D:2      | Reached skill level 1 in Invocations
  1383 | D:2      | Learned a level 1 spell: Apportation
  1525 | D:2      | Reached XP level 4. HP: 26/28 MP: 8/8
  1641 | D:2      | Mangled by Sigmund

Illustrated notes

Levels and vault maps discovered:
D:1:      dpeg_arrival_round_c, layout_rooms, hellmonk_ecumenical_altar_zigzags
D:2:      layout_basic, uniq_sigmund, uniq_robin, uniq_natasha

Skill      XL: |  1  2  3 |
---------------+----------+-----
Fighting       | 1 |  1.3
Dodging        | 1 |  1.3
Conjurations   | 1 |  1.4
Invocations    | 1 |  1.1
Stealth        | |  1.3
Spellcasting   | |  3.0
Necromancy     | |  4.0
Fire Magic     | |  2.6

Action                   |  1- 3 |  4- 6 || total
-------------------------+-------+-------++-------
Melee: Dagger            |    47 |     3 ||    50
       Constrict         |    11 |       ||    11
       Tentacles         |    11 |       ||    11
 Cast: Foxfire           |    13 |     6 ||    19
Invok: Heroism           |       |     1 ||     1
  Use: Potion            |       |     1 ||     1
 Stab: Sleeping          |     5 |       ||     5
Armor: Skin              |     3 |       ||     3
Dodge: Dodged            |    28 |     3 ||    31

Table legend: (Time is in decaauts)
 A = Elapsed time spent in this place.
 B = Non-inter-level travel time spent in this place.
 C = Inter-level travel time spent in this place.
 D = Time resting spent in this place.
 E = Time spent auto-exploring this place.
 F = Levels seen in this place.
 G = Mean time per level.
                   A        B        C        D        E       F      G
               +--------+--------+--------+--------+--------+-----+--------+
         Total |   1644 |   1460 |    184 |    304 |    895 |   2 |  822.0 |
       Dungeon |   1644 |   1460 |    184 |    304 |    895 |   2 |  822.0 |
               +--------+--------+--------+--------+--------+-----+--------+

Top non-repeatable levels by time:
     D:2: 825 daAuts
     D:1: 819 daAuts
